Unix NetHack Version 5.0.0-0 post-release - last build Jun 10 2026 00:39:30 (3ee93aec679c4c4259841fe613dc97188e26a321,branch:main).

Game began 2026-06-16 22:24:27, ended 2026-06-16 22:35:18.

CyberFan, chaotic male orcish Rogue

       ----  .
       |@B.G..  G
     ---a---
     |.).|
     |.---
    --.|
    |.%|
    |.--
    -.|
    .<|
    .--

CyberFan the Cutpurse   St:17 Dx:16 Co:9 In:11 Wi:14 Ch:10  Chaotic
Dlvl:4  $:63 HP:0(23) Pw:22(22) AC:1  Xp:4/153 T:2297 

Latest messages:
 You finish your prayer.
 You feel that Kos is well-pleased.
 In what direction?
 You throw 2 orcish daggers named ammo.
 The 1st orcish dagger named ammo misses the giant ant.
 The 2nd orcish dagger named ammo misses the giant ant.
 The giant ant bites!
 What do you want to drink? [dlrsCGKZ or ?*]
 You feel better.
 The giant ant bites!
 The giant bat misses!
 The giant ant misses!
 The giant bat bites!
 You hit the giant bat!
 The giant ant bites!
 The giant bat bites!
 The giant bat bites!
 The giant bat bites!
 The giant bat bites!
 What do you want to drink? [dlrsCGKZ or ?*]
 You feel better.
 The giant ant bites!
 The giant bat misses!
 The giant ant misses!
 The giant bat bites!
 What do you want to read? [jmqBDFMY or ?*]
 As you read the scroll, it disappears.
 Your elven dagger glows blue for a moment.
 The giant ant bites!
 The giant ant bites!
 What do you want to read? [jmqDFMY or ?*]
 As you read the scroll, it disappears.
 You are being punished for your misbehavior!
 The giant ant bites!
 The giant bat misses!
 The giant ant bites!
 The giant bat misses!
 What do you want to read? [jmqDFM or ?*]
 As you read the scroll, it disappears.
 You hear sad wailing close by.
 The giant ant just misses!
 The giant bat misses!
 The giant bat misses!
 What do you want to read? [jmDFM or ?*]
 As you read the scroll, it disappears.
 A lit field surrounds you!
 The giant ant bites!
 The giant bat misses!
 The giant bat bites!
 You die...

Inventory:
 Coins    ('$')
  $ - 63 gold pieces
 Weapons  (')')
  U - an uncursed +0 dagger
  T - an uncursed +1 elven dagger (weapon in right hand)
  a - an uncursed +0 orcish short sword (alternate weapon; not wielded)
 Armor    ('[')
  W - a cursed -1 dwarvish iron helm (being worn)
  P - an uncursed +0 pair of iron shoes (being worn)
  Q - an uncursed +0 dwarvish cloak (being worn)
  X - an uncursed +0 dwarvish mithril-coat (being worn)
 Comestibles  ('%')
  y - an uncursed cram ration
  g - 2 uncursed cream pies
  h - 2 uncursed fortune cookies
  k - an uncursed egg
 Scrolls  ('?')
  F - an uncursed scroll of food detection
  m - an uncursed scroll of identify
  D - an uncursed scroll of scare monster
  M - an uncursed scroll of teleportation
 Potions  ('!')
  Z - an uncursed potion of booze
  r - an uncursed potion of extra healing
  l - an uncursed potion of invisibility
  G - a blessed potion of monster detection
  K - an uncursed potion of monster detection
  d - an uncursed potion of sickness
  C - an uncursed potion of speed
 Rings    ('=')
  E - an uncursed ring of invisibility
  R - a cursed -3 ring of protection
 Wands    ('/')
  x - an uncursed wand of create monster (0:10)
  n - an uncursed wand of secret door detection (0:13)
 Tools    ('(')
  f - an empty uncursed sack
  e - an uncursed lock pick
  v - an uncursed magic marker (0:71)
  H - an uncursed magic whistle
  b - an uncursed partly used tallow candle (lit)
 Gems/Stones  ('*')
  w - 2 uncursed worthless pieces of black glass
  O - an uncursed worthless piece of blue glass
  V - an uncursed worthless piece of green glass
  o - an uncursed worthless piece of red glass
  J - 3 uncursed worthless pieces of white glass
  N - a cursed worthless piece of white glass
  p - 2 uncursed worthless pieces of yellow glass

CyberFan the Rogue's attributes:

Background:
 You were a Cutpurse, a level 4 male orcish Rogue.
 You were chaotic, on a mission for Kos
 who was opposed by Issek (lawful) and Mog (neutral).
 You were right-handed.
 You were in the Gnomish Mines, on level 4.
 You entered the dungeon 2297 turns ago.
 It was nighttime.
 There was a new moon in effect when your adventure ended.
 You had 153 experience points, 7 more were needed to attain level 5.

Basics:
 You had 0 out of 23 hit points.
 You had all 22 energy points (spell power).
 Your armor class was 1.
 Your wallet contained 63 zorkmids.
 Autopickup was on for '$%?!"=/*' plus thrown, with exceptions.

Final Characteristics:
 Your strength was 17 (limit:18/50).
 Your dexterity was 16 (limit:18).
 Your constitution was 9 (limit:18).
 Your intelligence was 11 (limit:16).
 Your wisdom was 14 (limit:16).
 Your charisma was 10 (limit:16).

Final Status:
 You were chained to a heavy iron ball.
 You weren't hungry.
 You were unencumbered.
 You were wielding a dagger.
 You had basic skill with dagger.

Final Attributes:
 You were piously aligned.
 Your items were somewhat protected from fire.
 Your items were somewhat protected from cold.
 You were poison resistant.
 You had infravision.
 You were stealthy.
 You were guarded.
 You are dead.

Miscellaneous:
 You disabled loading and storing of bones levels.
 Total elapsed playing time was 10 minutes and 50 seconds.

Major events:
 Turn
    1: CyberFan the chaotic male orcish Rogue entered the dungeon
  498: entered the Gnomish Mines
 1211: attained the rank of Cutpurse (level 3)
 2297: killed by a giant bat

You didn't know any spells.

Skills:
 Fighting Skills
   bare handed combat [Unskilled]
   two weapon combat  [Unskilled]
   riding             [Unskilled]
 Weapon Skills
   dagger             [Basic]
   knife              [Unskilled]
   short sword        [Basic]
   broadsword         [Unskilled]
   long sword         [Unskilled]
   two-handed sword   [Unskilled]
   saber              [Unskilled]
   club               [Unskilled]
   mace               [Unskilled]
   morning star       [Unskilled]
   flail              [Unskilled]
   hammer             [Unskilled]
   polearms           [Unskilled]
   spear              [Unskilled]
   crossbow           [Unskilled]
   dart               [Unskilled]
   shuriken           [Unskilled]
 Spellcasting Skills
   divination spells  [Unskilled]
   escape spells      [Unskilled]
   matter spells      [Unskilled]

Voluntary challenges:
 Character rerolling was not enabled.
 You never genocided any monsters.
 You never polymorphed an object.
 You never changed form.
 You used no wishes.
Achievements:
 You entered the Gnomish Mines.
 You attained the rank of Cutpurse.

 The Dungeons of Doom: levels 1 to 4
    Level 1:
    Level 2:
       Some fountains.
       Stairs down to The Gnomish Mines.
    Level 3:
       Some fountains.
    Level 4:
 The Gnomish Mines: levels 3 to 4
    Level 3:
    Level 4: <- You were here.
       Final resting place for
          you, killed by a giant bat.


Vanquished creatures:
  a little dog
  2 dwarves
  a homunculus
 an iguana
  a hobbit
  a giant rat
  9 gnomes
  2 geckos
  5 jackals
  2 foxes
  a kobold
  2 goblins
  3 grid bugs
  3 lichens
  2 kobold zombies
  6 newts
42 creatures vanquished.

No species were genocided or became extinct.

Game over:
                       ----------
                      /          \
                     /    REST    \
                    /      IN      \
                   /     PEACE      \
                  /                  \
                  |     CyberFan     |
                  |      63 Au       |
                  |   killed by a    |
                  |    giant bat     |
                  |                  |
                  |                  |
                  |       2026       |
                 *|     *  *  *      | *
        _________)/\\_//(\/(/\)/\//\/|_)_______

Goodbye CyberFan the Rogue...

You died in The Gnomish Mines on dungeon level 4 with 869 points,
and 63 pieces of gold, after 2297 moves.
You were level 4 with a maximum of 23 hit points when you died.

